 Dungeon Crawl Stone Soup version 0.26-a0-259-g1effd001a9 (webtiles) character file.

Game seed: 12361799689948865065

122331 vurker the Cloud Mage (level 16, -2/103 HPs)
             Began as a Tengu Air Elementalist on July 15, 2020.
             Was a High Priest of Vehumet.
             Shot with an arrow by a naga sharpshooter (15 damage)
             ... led by Vashnia
             ... on level 2 of the Snake Pit.
             The game lasted 01:03:58 (50396 turns).

vurker the Cloud Mage (Tengu Air Elementalist)     Turns: 50396, Time: 01:03:58

Health: -2/103     AC:  6    Str:  8    XL:     16   Next: 87%
Magic:  28/37      EV: 18    Int: 29    God:    Vehumet [*****.]
Gold:   596        SH: 12    Dex: 15    Spells: 17/47 levels left

rFire    . . .     SeeInvis +   a - staff of poison
rCold    . . .     Faith    .   R - +2 buckler
rNeg     + . .     Spirit   .   O - +0 robe "Iceohu" {rElec Int+8 Dex-2 Stlth+}
rPois    +         Reflect  +   m - +0 mask of the Dragon {MR+ Slay+3 SInv}
rElec    +         Harm     .   n - +1 cloak
rCorr    +                      Q - +1 pair of gloves
MR       ++...                  (boots unavailable)
Stlth    +++.......             h - amulet of reflection
HPRegen  0.27/turn              E - ring of positive energy
MPRegen  0.25/turn              G - ring of resist corrosion

@: flying quickly and evasively, quick
A: beak, talons 3, able to fly
a: Stop Flying, Renounce Religion


You were on level 2 of the Snake Pit.
You worshipped Vehumet.
Vehumet was extremely pleased with you.
You were not hungry.

You visited 5 branches of the dungeon, and saw 26 of its levels.
You also visited: Ice Cave.

You collected 2397 gold pieces.
You spent 1801 gold pieces at shops.

Inventory:

Armour
 m - the +0 mask of the Dragon (worn) {MR+ Slay+3 SInv}
   (You bought it in a shop on level 2 of the Orcish Mines)

   It affects your accuracy and damage with ranged weapons and melee attacks
   (+3).
   It affects your resistance to hostile enchantments.
   It lets you see invisible.
 n - a +1 cloak (worn)
   (You took it off Crazy Yiuf on level 2 of the Dungeon)
 F - the +5 scale mail of Midnight {rPois MR+ Int+4 Slay+3}
   (You found it on level 10 of the Dungeon)

   It affects your intelligence (+4).
   It affects your accuracy and damage with ranged weapons and melee attacks
   (+3).
   It protects you from poison.
   It affects your resistance to hostile enchantments.
 O - the +0 robe "Iceohu" (worn) {rElec Int+8 Dex-2 Stlth+}
   (You found it on level 4 of the Lair of Beasts)

   It affects your intelligence (+8).
   It affects your dexterity (-2).
   It insulates you from electricity.
   It makes you more stealthy.
 Q - a +1 pair of gloves (worn)
   (You found it on level 5 of the Lair of Beasts)
 R - a +2 buckler (worn)
   (You took it off a spriggan on level 6 of the Lair of Beasts)
Magical Staves
 a - an uncursed staff of poison (weapon)
   (You found it on level 2 of the Snake Pit)
 z - an uncursed staff of energy
   (You found it on level 7 of the Dungeon)
Jewellery
 h - an amulet of reflection (around neck)
   (You found it on level 6 of the Dungeon)
 E - a ring of positive energy (left hand)
   (You found it on level 10 of the Dungeon)
 G - a ring of resist corrosion (right hand)
   (You found it on level 2 of the Lair of Beasts)
Wands
 c - a wand of disintegration (10)
   (You found it on level 9 of the Dungeon)
 d - a wand of iceblast (44)
   (You found it on level 11 of the Dungeon)
 l - a wand of polymorph (23)
   (You found it on level 2 of the Dungeon)
 t - a wand of flame (51)
   (You found it on level 8 of the Dungeon)
 u - a wand of paralysis (4)
   (You found it on level 8 of the Dungeon)
 v - a wand of digging (9)
   (You took it off Ijyb on level 4 of the Dungeon)
 x - a wand of acid (25)
   (You took it off Maurice on level 11 of the Dungeon)
 L - a wand of enslavement (8)
   (You found it on level 4 of the Lair of Beasts)
Scrolls
 f - 2 scrolls of enchant weapon
 j - 2 scrolls of immolation
 k - 8 scrolls of remove curse
 q - 5 scrolls of fear
 r - 4 scrolls of enchant armour
 y - 2 scrolls of magic mapping
 A - 3 scrolls of fog
 B - 11 scrolls of identify
 H - 2 scrolls of amnesia
 P - a scroll of teleportation
Potions
 b - 3 potions of haste
 g - 4 potions of heal wounds
 i - 4 potions of lignification
 o - a potion of brilliance
 p - 5 potions of mutation
 s - 5 potions of magic
 w - 2 potions of invisibility
 C - 3 potions of resistance
 D - 13 potions of curing
 M - 2 potions of berserk rage
Comestibles
 e - 52 rations


   Skills:
 + Level 12.7 Fighting
 - Level 5.0 Dodging
 - Level 2.0 Stealth
 - Level 4.0 Shields
 * Level 16.2 Spellcasting
 - Level 8.0 Conjurations
 * Level 21.6 Air Magic


You had 17 spell levels left.
You knew the following spells:

 Your Spells              Type           Power        Failure   Level
a - Shock                 Conj/Air       ####         0%          1
b - Lightning Bolt        Conj/Air       #######...   1%          5
c - Airstrike             Air            #######...   0%          4
f - Tornado               Air            #######...   8%          9
q - Irradiate             Conj/Tmut      #####.....   3%          5
x - Conjure Ball Lightni  Conj/Air       #######...   1%          6

Your spell library contained the following spells:

 Spells                   Type           Power        Failure   Level
 Lee's Rapid Deconstruct  Erth           ###.......   16%         5
 Static Discharge         Conj/Air       #######.     0%          3
 Swiftness                Chrm/Air       ######..     1%          2
 Summon Lightning Spire   Summ/Air       ######..     1%          4
 Silence                  Hex/Air        ######....   1%          5


Dungeon Overview and Level Annotations

Branches:
Dungeon (15/15)            Temple (1/1) D:6            Lair (6/6) D:9
  Swamp (0/4) Lair:4        Snake (2/4) Lair:4        Slime (0/5) Lair:5
    Orc (2/2) D:10            Elf (0/3) Orc:2        Vaults (0/5) D:13
 Depths (0/5) D:15          IceCv (visited)

Altars:
Ashenzari
Cheibriados
Elyvilon
Fedhas
Gozag
Kikubaaqudgha
Makhleb
Nemelex Xobeh
Okawaru
Qazlal
Ru
Sif Muna
Trog
Uskayaw
Vehumet
Wu Jian
Xom
Yredelemnul
Zin
The Shining One
Jiyva

Shops:
D:4 !   D:6 =   D:7 *   D:15 =   Orc:2 :**}

Annotations:
D:7 3 runed translucent doors, Gwenloh's ghost, novice FoAK
D:10 3 runed translucent doors, ConnectionFaild's ghost, journeyman OpIE
D:14 2 transporters, Goblin1989's ghost, journeyman TrBr
Lair:5 1 runed translucent door
Snake:2 Vashnia
Orc:1 2 runed translucent doors, exclusion: orange crystal statue


Innate Abilities, Weirdness & Mutations

You have a beak for a mouth.
You have claws for feet.
You can fly continuously.


Message History

Okay, then.
Vashnia looks you over, as though planning her next attack.
Vashnia shoots an arrow.
The arrow misses you.
Things that are here:
a +0 robe; a +0 war axe You can't see any susceptible monsters within range! (Use Z to cast anyway.)
The spell is quite dangerous to cast (8% risk of failure)!
Continue anyway?
A great vortex of raging winds appears around you.
Vashnia shoots an arrow.
The arrow hits you!!!
Things that are here:
a +0 robe; a +0 war axe Vashnia spits poison at you.
The splash of poison misses you.
The naga sharpshooter casts a spell.
The naga sharpshooter magically shoots a bolt.
You reflect the bolt off an invisible shield around you!
Vashnia shoots an arrow.
The arrow hits you!!
* * * LOW HITPOINT WARNING * * *
The naga sharpshooter shoots a bolt.
You reflect the bolt off an invisible shield around you!
The bolt hits Vashnia!!
You see here an arrow.
You kill the naga sharpshooter!
Vehumet accepts your kill.
You feel your power returning.
Vashnia shoots an arrow.
You reflect the arrow off an invisible shield around you!
The arrow hits Vashnia!!
The winds around you start to calm down.
The naga sharpshooter spits poison at you.
The splash of poison reflects off an invisible shield around you!
The splash of poison hits the naga sharpshooter.
The naga sharpshooter gestures wildly while chanting.
The naga sharpshooter magically shoots an arrow.
You reflect the arrow off an invisible shield around you!
You see here an arrow.
You are engulfed in raging winds.
Vashnia shoots an arrow.
The arrow misses you.
The naga sharpshooter shoots a bolt.
The bolt barely misses you.
You are engulfed in raging winds.
Vashnia shoots an arrow.
The arrow hits you!!
* * * LOW HITPOINT WARNING * * *
The naga sharpshooter shoots a bolt.
The bolt closely misses you.
You see here an arrow.
Unknown command.
Aim: Vashnia, wielding a +0 longbow, wearing a +0 naga barding of fire resistance, wearing the ring of the Rabble {rPois Str-3 Slay+4 Stlth+} and quivering 7 arrows (almost dead, catching her breath)
The air twists around and strikes Vashnia!
The winds around you calm down.
The naga sharpshooter mumbles some strange words.
The naga sharpshooter magically shoots an arrow.
The arrow hits you!
You die...

####..# ####...### ###.#
##.....## #........###.<.##
#.......# ##..####.#......###
...)....## ##.## ##..##.....#
.......#.#
##.#######N###.#####
.......#.###.####....(.#.##
......###.#..##.(((..[.N.#
......####...#.........#.##
..).........#...@(N.(..#..##
..............(...)...##...##
................(.....##.##N#
#((...##........(.)..###.##..#
.##.....#...........##
..###..# .##......#.(.......##
#..ยง ..#
###......#.........## .... ..#
##........#.........#..### ..#
##........#......####.#


NN. You could see Vashnia and 2 naga sharpshooters.

Vanquished Creatures
  Saint Roka (Orc:2)
  Jorgrun (D:13)
  Frances (Snake:2)
  An orc warlord (Orc:1)
  Aizul (Snake:2)
  Azrael (D:12)
  Fannar (Lair:1)
  9 naga warriors
  6 hydras
  3 anacondas
  5 two-headed ogres
  A centaur warrior (Orc:2)
  3 death knights
  3 tengu warriors
  Urug (D:12)
  An orc high priest (Orc:2)
  A storm dragon zombie (D:15)
  5 naga sharpshooters
  6 shock serpents
  2 spriggan berserkers (D:15)
  6 skeletal warriors
  A shadow wraith (D:13)
  A salamander mystic (Snake:2)
  2 unseen horrors
  2 phantasmal warriors
  2 naga ritualists (Snake:1)
  4 orc knights
  A necromancer (D:15)
  An orc sorcerer (D:14)
  3 mana vipers
  A deep elf mage (D:10)
  A manticore (D:12)
  3 ugly things
  A salamander (Snake:2)
  3 cyclopes
  A frost giant skeleton (D:15)
  10 elephants
  Maurice (D:11)
  8 naga magi
  2 gargoyles
  17 black mambas
  2 torpor snails (Lair:6)
  4 centaur skeletons
  10 cane toads
  6 komodo dragons
  4 freezing wraiths
  A queen bee (D:11)
  5 polar bears
  A tengu conjurer (D:13)
  6 hornets
  9 trolls
  20 blink frogs
  9 hippogriffs
  Grinder (D:6)
  2 dream sheep
  A slime creature (D:11)
  An ettin zombie (D:15)
  A fire dragon zombie (D:15)
  2 centaur simulacra
  A shadow (D:11)
  5 wyverns
  3 vampires
  12 spriggans
  6 wraiths
  30 yaks
  4 fire elementals (D:12)
  Sigmund (D:2)
  3 basilisks
  A steam dragon (D:8)
  8 vampire mosquitoes
  3 swamp worms (Lair:4)
  Menkaure (D:6)
  27 nagas
  7 wargs
  5 porcupines
  15 water moccasins
  A hell hound (D:12)
  49 orc warriors
  8 sky beasts
  3 phantoms
  19 ice beasts
  4 black bears
  3 necrophages
  5 ogres
  4 boggarts (Lair:6)
  21 wolves
  26 centaurs
  11 crocodiles
  19 bullfrogs
  A wyvern zombie (D:11)
  2 scorpions (D:8)
  21 killer bees
  15 wights
  2 electric eels
  5 howler monkeys
  2 quasits
  3 centaur zombies
  4 jellies
  15 orc priests
  Crazy Yiuf (D:2)
  2 gnoll shamans
  11 hounds
  4 iguanas
  A bullfrog skeleton (D:6)
  27 orc wizards
  Ijyb (D:4)
  10 worker ants
  3 hound skeletons
  A howler monkey zombie (D:10)
  Robin (D:4)
  15 gnolls
  15 adders
  2 shadow imps
  2 white imps
  3 ufetubi
  3 oozes
  An adder skeleton (D:5)
  3 worms
  3 dart slugs
  9 leopard geckos
  100 orcs
  4 giant cockroaches
  19 goblins
  6 hobgoblins
  15 jackals
  5 quokkas
  4 ball pythons
  10 bats
  7 frilled lizards
  A jackal zombie (D:7)
  8 kobolds
  2 quokka skeletons
  8 rats
  A withered plant (D:15)
892 creatures vanquished.

Vanquished Creatures (collateral kills)
  9 ball lightnings
9 creatures vanquished.

Vanquished Creatures (others)
  162 ball lightnings
  19 fungi
  11 plants
  6 withered plants (D:15)
198 creatures vanquished.

Grand Total: 1099 creatures vanquished

Notes
Turn   | Place    | Note
-------+----------+-------------------------------------------
     0 | D:1      | vurker the Tengu Air Elementalist began the quest for the
                  | Orb.
     0 | D:1      | Reached XP level 1. HP: 10/10 MP: 4/4
   321 | D:1      | Reached XP level 2. HP: 15/15 MP: 3/6
   835 | D:1      | Reached XP level 3. HP: 20/20 MP: 4/7
  1068 | D:2      | Noticed Sigmund
  1115 | D:2      | Found a stormy altar of Qazlal.
  1115 | D:2      | Found a basalt altar of Yredelemnul.
  1115 | D:2      | Found a shimmering blue altar of Sif Muna.
  1115 | D:2      | Found a shattered altar of Ashenzari.
  1275 | D:2      | Killed Sigmund
  1275 | D:2      | Reached skill level 1 in Fighting
  1275 | D:2      | Reached skill level 5 in Air Magic
  1275 | D:2      | Reached XP level 4. HP: 12/26 MP: 0/10
  1275 | D:2      | Gained mutation: You can fly continuously. [Tengu growth]
  1275 | D:2      | Reached XP level 5. HP: 14/30 MP: 0/11
  1467 | D:2      | Found an opulent altar of Gozag.
  1717 | D:2      | Learned a level 5 spell: Lightning Bolt
  1722 | D:2      | Learned a level 4 spell: Airstrike
  1881 | D:2      | Reached skill level 6 in Air Magic
  1881 | D:2      | Reached XP level 6. HP: 35/35 MP: 7/12
  2139 | D:2      | Found a runed translucent door.
  2140 | D:2      | Noticed Crazy Yiuf
  2326 | D:2      | Killed Crazy Yiuf
  2756 | D:3      | Found a glowing silver altar of Zin.
  3133 | D:3      | Found a faded altar of an unknown god.
  3403 | D:4      | Found Alyamp's Distillery.
  3568 | D:4      | Bought a potion of curing for 30 gold pieces
  3568 | D:4      | Bought a potion of heal wounds for 50 gold pieces
  3568 | D:4      | Bought a potion of magic for 80 gold pieces
  3572 | D:4      | Found a shimmering altar of Xom.
  3572 | D:4      | Found a shimmering altar of Xom.
  3572 | D:4      | Found a shimmering altar of Xom.
  3572 | D:4      | Found a shimmering altar of Xom.
  3574 | D:4      | Found a shimmering altar of Xom.
  3826 | D:4      | Noticed Robin
  3833 | D:4      | Killed Robin
  3833 | D:4      | Reached XP level 7. HP: 40/40 MP: 7/14
  4099 | D:4      | Found a blossoming altar of Fedhas.
  4254 | D:4      | Noticed Ijyb
  4268 | D:4      | Killed Ijyb
  4720 | D:5      | Entered Level 5 of the Dungeon
  4947 | D:5      | Reached skill level 7 in Air Magic
  5481 | D:5      | Reached skill level 5 in Spellcasting
  5481 | D:5      | Reached XP level 8. HP: 46/46 MP: 12/16
  5865 | D:5      | Reached skill level 5 in Conjurations
  5932 | D:5      | Reached skill level 8 in Air Magic
  6413 | D:6      | Found Bikhux's Jewellery Boutique.
  6596 | D:6      | Noticed Menkaure
  6599 | D:6      | Killed Menkaure
  6692 | D:6      | Noticed Grinder
  6724 | D:6      | Killed Grinder
  6831 | D:6      | Found a staircase to the Ecumenical Temple.
  6833 | D:6      | Reached skill level 9 in Air Magic
  6842 | Temple   | Entered the Ecumenical Temple
  6918 | Temple   | Became a worshipper of Vehumet
  7075 | D:6      | Found a sparkling altar of Nemelex Xobeh.
  7107 | D:6      | Reached XP level 9. HP: 52/52 MP: 10/19
  8182 | D:7      | Reached skill level 10 in Air Magic
  8783 | D:7      | Found Qiycs's Assorted Antiques.
  8790 | D:7      | Bought a scroll labeled QUOTE VU IGYXT for 35 gold pieces
  8985 | D:7      | Noticed a centaur warrior
  8986 | D:7      | Noticed Gwenloh's ghost (novice FoAK)
  8989 | D:7      | Found a runed translucent gate.
  8990 | D:7      | Found a runed translucent gate.
  8990 | D:7      | Found a runed translucent gate.
  8997 | D:7      | Reached skill level 5 in Fighting
  9317 | D:7      | Reached * piety under Vehumet
  9317 | D:7      | Offered knowledge of Sandblast by Vehumet.
  9460 | D:8      | Noticed a two-headed ogre
  9492 | D:7      | HP: 2/54 [two-headed ogre/+0 dire flail (32)]
  9734 | D:7      | Found a runed translucent gate.
  9735 | D:7      | Found a runed translucent gate.
  9735 | D:7      | Found a runed translucent gate.
  9745 | D:7      | Found Qiycs's Assorted Antiques.
 10090 | D:7      | Killed a two-headed ogre
 10090 | D:7      | Reached skill level 11 in Air Magic
 10090 | D:7      | Reached XP level 10. HP: 59/59 MP: 4/22
 10299 | D:8      | Found a bloodstained altar of Trog.
 11586 | D:9      | Reached ** piety under Vehumet
 11586 | D:9      | Offered knowledge of Magic Dart by Vehumet.
 11607 | D:9      | Noticed a two-headed ogre
 11914 | D:9      | Killed a two-headed ogre
 11914 | D:9      | Reached skill level 12 in Air Magic
 12411 | D:9      | Found a staircase to the Lair.
 12916 | D:9      | Noticed a two-headed ogre
 12921 | D:9      | Killed a two-headed ogre
 12921 | D:9      | Reached XP level 11. HP: 49/66 MP: 8/25
 13193 | D:9      | Offered knowledge of Ignite Poison by Vehumet.
 13217 | D:9      | Reached skill level 13 in Air Magic
 13771 | D:9      | Reached *** piety under Vehumet
 13960 | D:10     | Entered Level 10 of the Dungeon
 14338 | D:10     | Got a sapphire-encrusted scale mail
 14349 | D:10     | Identified the +5 scale mail of Midnight {rPois MR+ Int+4
                  | Slay+3} (You found it on level 10 of the Dungeon)
 14705 | D:10     | Noticed a deep elf mage
 14719 | D:10     | Offered knowledge of Iskenderun's Mystic Blast by Vehumet.
 14720 | D:10     | Found a staircase to the Orcish Mines.
 14741 | D:10     | Found a runed translucent gate.
 14741 | D:10     | Found a runed translucent gate.
 14742 | D:10     | Found a runed translucent gate.
 15590 | D:10     | Killed a deep elf mage
 15590 | D:10     | Reached skill level 10 in Spellcasting
 15653 | D:10     | Noticed ConnectionFaild's ghost (journeyman OpIE)
 16084 | D:11     | Noticed a white ugly thing
 16089 | D:11     | Noticed a two-headed ogre
 16096 | D:11     | Killed a white ugly thing
 16096 | D:11     | Reached skill level 14 in Air Magic
 16454 | D:11     | Noticed Maurice
 16503 | D:11     | Killed Maurice
 16621 | D:11     | Killed a two-headed ogre
 16621 | D:11     | Reached **** piety under Vehumet
 16769 | D:11     | Killed an unseen horror
 16769 | D:11     | Offered knowledge of Sticky Flame by Vehumet.
 16944 | D:11     | Found a viscous altar of Jiyva.
 16971 | D:11     | Reached XP level 12. HP: 73/73 MP: 23/27
 18040 | Lair:1   | Entered Level 1 of the Lair of Beasts
 18084 | Lair:1   | Reached skill level 15 in Air Magic
 18628 | Lair:1   | Got a brightly glowing whip
 18629 | Lair:1   | Identified the +3 whip "Woaf Wuv" {freeze, *Rage rElec
                  | rF+++ Str-5} (You found it on level 1 of the Lair of
                  | Beasts)
 18929 | Lair:1   | Noticed Fannar
 18947 | Lair:1   | Killed Fannar
 19898 | Lair:2   | Found a frozen archway.
 19916 | IceCv    | Entered an ice cave
 21007 | Lair:2   | Noticed a four-headed hydra
 21012 | Lair:2   | Killed a four-headed hydra
 21012 | Lair:2   | Reached skill level 16 in Air Magic
 21818 | Lair:3   | Reached ***** piety under Vehumet
 21870 | Lair:3   | Reached XP level 13. HP: 80/80 MP: 19/30
 22208 | Lair:3   | Offered knowledge of Starburst by Vehumet.
 23005 | Lair:4   | Got a bloodstained robe
 23018 | Lair:4   | Identified the +0 robe "Iceohu" {rElec Int+8 Dex-2 Stlth+}
                  | (You found it on level 4 of the Lair of Beasts)
 23343 | Lair:4   | Found a staircase to the Snake Pit.
 23859 | Lair:4   | HP: 3/80 [swamp worm/harpoon shot (11)]
 24047 | Lair:4   | Reached skill level 17 in Air Magic
 24104 | Lair:4   | Found a staircase to the Swamp.
 24113 | Lair:4   | HP: 2/81 [seven-headed hydra (13)]
 24443 | Lair:4   | Got spiked pearl dragon scales
 25175 | Lair:5   | Found a runed translucent door.
 25175 | Lair:5   | Found a viscous altar of Jiyva.
 25175 | Lair:5   | Found a staircase to the Slime Pits.
 25175 | Lair:5   | Noticed an azure jelly
 25175 | Lair:5   | Noticed an azure jelly
 25538 | Lair:5   | Reached skill level 10 in Fighting
 25736 | Lair:5   | Identified the cursed +0 pearl dragon scales "Wemoluof"
                  | {rElec rN+ Str-4 SInv} (You found it on level 4 of the Lair
                  | of Beasts)
 26371 | Lair:6   | Entered Level 6 of the Lair of Beasts
 27356 | Lair:6   | Reached skill level 18 in Air Magic
 27497 | Lair:6   | Reached XP level 14. HP: 88/88 MP: 24/32
 28101 | Lair:6   | Paralysed by a hornet for 1 turns
 28267 | Lair:6   | Offered knowledge of Irradiate by Vehumet.
 29537 | Lair:6   | Reached skill level 1 in Shields
 29545 | Lair:6   | Learned a level 5 spell: Irradiate
 30919 | Orc:1    | Entered Level 1 of the Orcish Mines
 30959 | Orc:2    | Entered Level 2 of the Orcish Mines
 30959 | Orc:2    | Found a staircase to the Elven Halls.
 32406 | Orc:1    | Found a runed translucent door.
 32410 | Orc:1    | Found the +10 tower shield of Ignorance {rN+ Int-4}
 32999 | Orc:1    | You are sucked into a shaft and drop 1 floor!
 33010 | Orc:2    | Reached skill level 19 in Air Magic
 33290 | Orc:2    | Offered knowledge of Iskenderun's Battlesphere by Vehumet.
 33521 | Orc:2    | Noticed an orc warlord
 33945 | Orc:1    | Found a runed translucent door.
 34277 | Orc:1    | Killed an orc warlord
 34824 | Orc:2    | Found Ecomou's Book Shop.
 34825 | Orc:2    | Found Riucinn's General Store.
 34825 | Orc:2    | Found Xoyti's General Store.
 34828 | Orc:2    | Found Ryaca's Gadget Shoppe.
 34837 | Orc:2    | Bought a book of the Sky for 1105 gold pieces
 34840 | Orc:2    | Bought the +0 mask of the Dragon {MR+ Slay+3 SInv} for 501
                  | gold pieces
 34840 | Orc:2    | Found the +0 mask of the Dragon {MR+ Slay+3 SInv}
 34875 | Orc:2    | Noticed Saint Roka
 35051 | Orc:1    | Learned a level 6 spell: Conjure Ball Lightning
 35061 | Orc:1    | Learned a level 9 spell: Tornado
 35251 | Orc:2    | Killed Saint Roka
 35251 | Orc:2    | Reached XP level 15. HP: 26/95 MP: 9/34
 36197 | D:12     | Noticed Urug
 36202 | D:12     | Killed Urug
 36754 | D:12     | Noticed Azrael
 36758 | D:12     | Killed Azrael
 38611 | D:13     | Noticed Jorgrun
 38621 | D:13     | Killed Jorgrun
 39805 | D:13     | Found a glowing golden altar of the Shining One.
 39978 | D:13     | Found a gate to the Vaults.
 40284 | D:14     | Found a snail-covered altar of Cheibriados.
 40361 | D:14     | Reached skill level 20 in Air Magic
 40430 | D:14     | Found a transporter.
 40434 | D:14     | Noticed Goblin1989's ghost (journeyman TrBr)
 40442 | D:14     | Found a transporter.
 41291 | D:14     | Reached skill level 15 in Spellcasting
 41563 | D:14     | Offered knowledge of Lee's Rapid Deconstruction by Vehumet.
 42364 | D:15     | Entered Level 15 of the Dungeon
 42411 | D:15     | Reached skill level 5 in Dodging
 43441 | D:15     | Found a staircase to the Depths.
 43800 | D:15     | Found the +8 Wrath of Trog {antimagic, *Rage}
 43987 | D:15     | Reached XP level 16. HP: 101/101 MP: 24/36
 44475 | D:15     | Found Sian's Jewellery Shop.
 44767 | Snake:1  | Entered Level 1 of the Snake Pit
 46244 | Snake:1  | Reached skill level 21 in Air Magic
 48163 | Snake:2  | Identified the ring of the Rabble {rPois Str-3 Slay+4
                  | Stlth+}
 48163 | Snake:2  | Noticed Vashnia
 48525 | Snake:2  | Noticed Aizul
 48531 | Snake:2  | Killed Aizul
 50043 | Snake:2  | Noticed Frances
 50050 | Snake:2  | Killed Frances
 50396 | Snake:2  | Shot with an arrow by a naga sharpshooter

Illustrated notes

Levels and vault maps discovered:
D:1:      dpeg_arrival_tiny_a, layout_rooms, kennysheep_pointless_box,
          minmay_misc_feat_rows, kennysheep_crisscross, kennysheep_another_room
D:2:      minmay_door_path, layout_rooms,
          chequers_temple_overflow_statue_of_worship,
          nicolae_gozag_seed_capital, uniq_crazy_yiuf_cottage, uniq_sigmund
D:3:      layout_loops_ring, lemuel_round_altar, serial_glass, glass_columns_c,
          glass_columns_a, chequers_ecumenical_altar_twisty
D:4:      layout_loops_corners, xom_redecorated, serial_shops, shop,
          first_ration, st_stairs_3, fedhas_altar_3, uniq_robin, uniq_ijyb
D:5:      layout_loops_corners
D:6:      layout_cave_pools, lemuel_doored_altar, minmay_temple_entry_hall,
          serial_shops, shop, kennysheep_generic_room_15, uniq_grinder,
          uniq_menkaure
D:7:      layout_gridville, serial_shops, nicolae_shop_overgrown_old_shop,
          gammafunk_ghost_split
D:8:      layout_rooms, old_standard_altar, lightli_orcish_oven
D:9:      layout_stronghold, erik_lair_orcish_takeover, serial_bayou,
          serial_bayou_ford_a, serial_bayou_pond_a, serial_bayou_pond_b,
          serial_bayou_pond_d
D:10:     layout_layer_cave, orc_0_dummy, gammafunk_ghost_icy, enter_bailey_3
D:11:     layout_grid_maze, david_nohive_1, jiyva_altar_1, uniq_maurice
D:12:     layout_irregular_city, uniq_azrael, uniq_urug
D:13:     layout_basic, david_vaults_4, lemuel_statue_altar, uniq_jorgrun
D:14:     layout_loops_corners, gammafunk_ghost_smash, cheibriados_altar_1,
          minivault_27, minmay_orc_keep
D:15:     gammafunk_depths_entry_grave, layout_basic, gauntlet_entry_generic,
          serial_shops, nicolae_shop_window_shopping,
          minmay_guarded_unrand_wrath_of_trog
Temple:   nicolae_temple_great_sept
Lair:1:   layout_loops_ring, infiniplex_staircase_pool_2, grunt_megastairs_2,
          uniq_fannar
Lair:2:   layout_small_grid, portal_ice_cave_entry_ice_beasts
Lair:3:   layout_chaotic_city, serial_bayou_lagoon_a, lemuel_fruit_fields,
          lemuel_fruit_fields, lemuel_fruit_tree
Lair:4:   layout_regular_city, palyth_hydra_swamp_entry,
          guppyfry_snake_entry_island
Lair:5:   layout_small_grid, slime_altar_2, serial_bayou_shore_b
Lair:6:   minmay_lair_end_enchanted_forest, layout_regular_city,
          grunt_megastairs_3
Snake:1:  layout_layer_cave
Snake:2:  nicolae_snake_hallway, layout_chambers, uniq_frances, uniq_vashnia,
          uniq_aizul
Orc:1:    layout_diamond_mine, chequers_guarded_unrand_ignorance
Orc:2:    st_orc_rangers, layout_caves, uniq_saint_roka

Skill      XL: |  1  2  3  4  5  6  7  8  9 10 11 12 13 14 15 16 |
---------------+-------------------------------------------------+-----
Conjurations   | 2 3 4 6 7 8 |  8.0
Fighting       | 1 2 3 4 5 6 8 9 10 11 12 | 12.7
Spellcasting   | 3 4 5 6 7 9 10 12 13 14 15 16 | 16.2
Air Magic      | 5 6 7 9 11 12 14 16 18 19 20 21 | 21.6
Shields        | 4 |  4.0
Dodging        | 5 |  5.0
Stealth        | |  2.0

Action                   |  1- 3 |  4- 6 |  7- 9 | 10-12 | 13-15 | 16-18 || total
-------------------------+-------+-------+-------+-------+-------+-------++-------
Melee: Unarmed           |    11 |       |       |       |       |       ||    11
       Kick              |     4 |     1 |     2 |    10 |    14 |       ||    31
       Peck              |     2 |     4 |       |     6 |    10 |       ||    22
       Dagger            |       |    11 |     8 |    38 |    64 |       ||   121
 Cast: Shock             |    55 |   121 |   150 |   137 |   130 |       ||   593
       Airstrike         |       |     1 |    82 |   367 |   790 |   159 ||  1399
       Lightning Bolt    |       |       |       |       |    12 |       ||    12
       Conjure Ball Ligh |       |       |       |       |    42 |    37 ||    79
       Tornado           |       |       |       |       |       |     8 ||     8
 Abil: Fly               |       |     1 |       |       |       |       ||     1
Evoke: Wand              |       |       |       |    12 |    13 |       ||    25
  Use: Scroll            |       |       |    20 |     5 |     9 |       ||    34
  Eat: Ration            |     1 |     2 |     5 |    10 |    19 |     5 ||    42
Armor: Robe              |     4 |     3 |     6 |    16 |    17 |     2 ||    48
       Scale mail        |       |       |       |    56 |   116 |       ||   172
Dodge: Dodged            |    15 |    17 |    30 |    93 |   224 |    38 ||   417
Block: Buckler           |       |       |       |       |   138 |    34 ||   172
       Reflection        |       |       |       |       |    32 |    16 ||    48

Table legend:
 A = Non-vault XP
 B = Vault XP
 C = Vault XP percentage of total XP
 D = Non-vault monster count
 E = Vault monster count
 F = Vault count percentage of total count
                 A         B        C        D         E       F
            +---------+---------+-------+---------+---------+-------
      Total |  118830 |   55929 |  32.0 |     643 |     248 |  27.8
            +---------+---------+-------+---------+---------+-------
        D:1 |      36 |       0 |   0.0 |      19 |       0 |   0.0
        D:2 |     147 |     241 |  62.1 |      28 |       8 |  22.2
        D:3 |      46 |       0 |   0.0 |      16 |       0 |   0.0
        D:4 |     162 |     106 |  39.6 |      20 |      14 |  41.2
        D:5 |     811 |       0 |   0.0 |      25 |       0 |   0.0
        D:6 |     670 |     430 |  39.1 |      17 |       2 |  10.5
        D:7 |    2236 |       0 |   0.0 |      30 |       0 |   0.0
        D:8 |    1187 |     145 |  10.9 |      27 |       6 |  18.2
        D:9 |    3305 |     959 |  22.5 |      41 |      11 |  21.2
       D:10 |    3076 |       7 |   0.2 |      23 |       4 |  14.8
       D:11 |    6125 |    2141 |  25.9 |      32 |      22 |  40.7
       D:12 |    5584 |    3045 |  35.3 |      34 |       7 |  17.1
       D:13 |    5891 |    4061 |  40.8 |      20 |       3 |  13.0
       D:14 |    8019 |    1608 |  16.7 |      38 |       9 |  19.1
       D:15 |    4926 |    6273 |  56.0 |      19 |      10 |  34.5
     Lair:1 |    2500 |    1551 |  38.3 |      10 |       4 |  28.6
     Lair:2 |    2670 |    1067 |  28.6 |      10 |       8 |  44.4
     Lair:3 |    3567 |       0 |   0.0 |      15 |       0 |   0.0
     Lair:4 |    5595 |    2737 |  32.8 |      28 |       8 |  22.2
     Lair:5 |    6834 |    2552 |  27.2 |      23 |      11 |  32.4
     Lair:6 |    8010 |   10189 |  56.0 |      29 |      48 |  62.3
    Snake:1 |   19149 |       0 |   0.0 |      34 |       0 |   0.0
    Snake:2 |   18413 |    6536 |  26.2 |      37 |      11 |  22.9
      Orc:1 |    5616 |     137 |   2.4 |      26 |       1 |   3.7
      Orc:2 |    4255 |   10816 |  71.8 |      42 |      54 |  56.2
      IceCv |       0 |    1328 | 100.0 |       0 |       7 | 100.0
            +---------+---------+-------+---------+---------+-------
